 Dungeon Crawl Stone Soup version 0.27-a0-328-g7f782ed93a (webtiles) character file.

Game seed: 2329895566736271420

45458 siradein the Severer (level 14, 0/110 HPs)
             Began as a Hill Orc Fighter on Feb 11, 2021.
             Was the Champion of Beogh.
             Slain by a catoblepas (12 damage)
             ... while petrified by a catoblepas
             ... on level 5 of the Lair of Beasts on Feb 12, 2021.
             The game lasted 01:13:50 (14359 turns).

siradein the Severer (Hill Orc Fighter)            Turns: 14359, Time: 01:13:51

Health: 0/110      AC: 32    Str: 34    XL:     14   Next: 33%
Magic:  21/21      EV:  2    Int: 11    God:    Beogh [******]
Gold:   1007       SH:  0    Dex: 16    Spells: 17/17 levels left

rFire    + + .     SeeInvis .   D - +4 hand axe (vorpal)
rCold    + + +     Faith    +   v - +0 kite shield
rNeg     + + +     Spirit   .   K - +3 chain mail "Kamupt" {+Fly rPois Dex+7 Stlth-}
rPois    ∞         Reflect  .   j - +2 helmet {Int+3}
rElec    .         Harm     .   T - scarf {rC+ rF+}
rCorr    .         Rampage  .   B - +2 pair of gloves {Str+3}
Will     +....                  b - +4 pair of boots of Summer {rC+++ Regen+ Str+4 Dex-2}
Stlth    ..........             m - amulet of faith
HPRegen  0.68/turn              U - ring "Waygucs" {rF+ Str+4}
MPRegen  0.17/turn              q - +4 ring of protection

@: petrified, barbed spikes, studying 3 skills
A: walk on water
a: Renounce Religion, Evoke Flight, Smiting, Recall Orcish Followers, Give Item
to Named Follower, Resurrection


You were on level 5 of the Lair of Beasts.
You worshipped Beogh.
Beogh was exalted by your worship.
You visited 2 branches of the dungeon, and saw 15 of its levels.
You also visited: Sewer, Bailey and Gauntlet.

You collected 1209 gold pieces.
You spent 202 gold pieces at shops.

Inventory:

Hand Weapons
 n - a +4 antimagic hand axe
 D - a +4 vorpal hand axe (weapon)
 Q - the +4 short sword of Kismet {vorpal, +Fly Str-4 Int+6}
   (You found it on level 8 of the Dungeon)

   It inflicts extra damage upon your enemies.
   It affects your strength (-4).
   It affects your intelligence (+6).
   It lets you fly.
 S - a +4 scimitar of flaming
 X - the +2 quarterstaff "Nutewn" {freeze, Will+}
   (You found it on level 2 of the Lair of Beasts)

   It has been specially enchanted to freeze those struck by it, causing extra
   injury to most foes and up to half again as much damage against particularly
   susceptible opponents.
   It can also slow down cold-blooded creatures.
   It affects your willpower, your defense against some magical effects.
Armour
 b - the +4 pair of boots of Summer (worn) {rC+++ Regen+ Str+4 Dex-2}
   (You found it in a Gauntlet)

   It affects your strength (+4).
   It affects your dexterity (-2).
   It renders you almost immune to cold.
   It increases your rate of regeneration.
 j - a +2 helmet of intelligence (worn)
 v - a +0 kite shield (worn)
 B - a +2 pair of gloves of strength (worn)
 K - the +3 chain mail "Kamupt" (worn) {+Fly rPois Dex+7 Stlth-}
   (You found it on level 8 of the Dungeon)

   It affects your dexterity (+7).
   It protects you from poison.
   It lets you fly.
   It makes you less stealthy.
 N - the +0 chain mail of Ecwuer {Str+4 Int+2}
   (You found it on level 4 of the Lair of Beasts)

   It affects your strength (+4).
   It affects your intelligence (+2).
 T - a scarf of resistance (worn)
Jewellery
 c - an amulet of reflection {unknown}
 m - an amulet of faith (around neck)
 q - a +4 ring of protection (right hand)
 u - a +6 ring of intelligence
 J - an amulet of regeneration
 M - a ring of magical power
 U - the ring "Waygucs" (left hand) {rF+ Str+4}
   (You found it on level 8 of the Dungeon)

   [ring of protection from fire]

   It affects your strength (+4).
   It protects you from fire.
 Y - a ring of see invisible
Wands
 h - a wand of paralysis (27)
 z - a wand of flame (21)
 E - a wand of digging (11)
 F - a wand of iceblast (22)
 L - a wand of charming (6)
 V - a wand of mindburst (9)
Scrolls
 g - 2 scrolls of blinking {unknown}
 k - 2 scrolls of amnesia {unknown}
 p - 4 scrolls of fog
 r - 7 scrolls of fear {unknown}
 y - 2 scrolls of random uselessness {unknown}
 A - 10 scrolls of teleportation {unknown}
 C - 5 scrolls of enchant armour
 G - a scroll of vulnerability
 I - 2 scrolls of immolation
 P - 6 scrolls of enchant weapon
 Z - 3 scrolls of identify
Potions
 a - 6 potions of flight
 d - 6 potions of might
 e - 14 potions of curing
 f - 2 potions of cancellation
 i - 6 potions of lignification
 l - 4 potions of brilliance
 o - 8 potions of ambrosia
 s - a potion of heal wounds
 x - 2 potions of magic
 H - 2 potions of resistance
 W - 2 potions of mutation {unknown}
Miscellaneous
 R - a lightning rod (4/4)


   Skills:
 + Level 6.1 Fighting
 + Level 17.3 Axes
 + Level 14.0 Armour
 + Level 6.7 Dodging
 + Level 13.3 Shields
 + Level 2.2 Spellcasting
 + Level 10.3 Invocations


You had 17 spell levels left.
You didn't know any spells.
Your spell library contained the following spells:

 Spells                   Type           Power        Failure   Level
 Animate Skeleton         Necr           2%           71%         1
 Apportation              Tloc           2%           71%         1
 Beastly Appendage        Tmut           2%           71%         1
 Corona                   Hex            1%           71%         1
 Shock                    Conj/Air       4%           71%         1
 Summon Small Mammal      Summ           4%           71%         1
 Call Imp                 Summ           1%           85%         2
 Swiftness                Air            1%           85%         2
 Wereblood                Tmut           1%           85%         2
 Call Canine Familiar     Summ           1%           97%         3
 Spider Form              Tmut/Pois      0%           97%         3
 Static Discharge         Conj/Air       1%           97%         3
 Summon Guardian Golem    Hex/Summ       1%           97%         3
 Airstrike                Air            0%           100%        4
 Cause Fear               Hex            0%           100%        4
 Ice Form                 Ice/Tmut       1%           100%        4
 Summon Ice Beast         Ice/Summ       1%           100%        4
 Summon Lightning Spire   Summ/Air       1%           100%        4
 Blade Hands              Tmut           0%           100%        5
 Lightning Bolt           Conj/Air       0%           100%        5
 Silence                  Hex/Air        0%           100%        5
 Yara's Violent Unravell  Hex/Tmut       0%           100%        5
 Discord                  Hex            0%           100%        8


Dungeon Overview and Level Annotations

Branches:
Dungeon (9/15)             Temple (0/1) D:6            Lair (6/6) D:9
  Swamp (0/4) Lair:2       Spider (0/4) Lair:4        Slime (0/5) Lair:5
  Sewer (visited)          Bailey (visited)         Gauntlet (visited)
    Orc: D:9-12

Altars:
Ashenzari
Cheibriados
Elyvilon
Fedhas
Hepliaklqana
Kikubaaqudgha
Okawaru
Qazlal
Ru
Sif Muna
Trog
Uskayaw
Xom
Yredelemnul
The Shining One

Shops:
D:5 [   D:6 (   D:8 [

Annotations:
Lair:6 1 runed translucent door


Message History

* * * LOW HITPOINT WARNING * * *
The manticore claws you but does no damage.
The manticore claws you.
* * * LOW HITPOINT WARNING * * *
You are engulfed in calcifying dust.
The catoblepas breathes a plume of calcifying dust at you.
The blast of calcifying dust hits you.
The manticore bites you but does no damage.
The manticore claws you but does no damage. x2
The manticore bites you.
* * * LOW HITPOINT WARNING * * *
The manticore claws you.
The manticore claws you but does no damage.
You are engulfed in calcifying dust.
The catoblepas gores you!!
* * * LOW HITPOINT WARNING * * *
The manticore bites you but does no damage.
The manticore claws you but does no damage. x2
The manticore bites you but does no damage.
The manticore claws you.
* * * LOW HITPOINT WARNING * * *
The manticore claws you but does no damage.
You are engulfed in calcifying dust.
The catoblepas breathes a plume of calcifying dust at you.
The blast of calcifying dust hits you but does no damage.
The manticore bites you but does no damage.
The manticore claws you.
* * * LOW HITPOINT WARNING * * *
The manticore barely misses you.
The manticore bites you but does no damage.
The manticore claws you.
* * * LOW HITPOINT WARNING * * *
The manticore claws you but does no damage.
The catoblepas barely misses you.
The manticore bites you but does no damage.
The manticore claws you but does no damage.
The manticore barely misses you.
The manticore bites you but does no damage.
The manticore claws you but does no damage. x2
The catoblepas gores you!!
You die...

##...###........... ...........
##....#............ ...........
###..###.....##### ####.......
P#...........#...## #...#.......
.#..P..#.....#.$≈≈###≈≈).#.......
.............#.≈..≈.≈..≈.#.......
.............##≈.^.....≈##.......
..............##≈†≈≈≈.≈##........
................@H≈<≈..'.........
..#P..........##HY≈≈≈.≈##........
####..#......##≈.......≈##.......
....P....#.≈..≈.≈..≈$#.......
.P.......#.(≈≈###≈≈$.#.......
.P#.....#...## ...#.......
.##.....##### ###....... #P....
........... ...........


You could see a catoblepas and 2 manticores.

Vanquished Creatures
  A minotaur (Gauntlet)
  A green death (Gauntlet)
  3 hydras
  A two-headed ogre (D:8)
  A catoblepas (Lair:5)
  Erica (D:8)
  Pikel (D:6)
  3 lindwurms
  2 bog bodies (Lair:2)
  An orc knight (Bailey)
  An oklob plant (Gauntlet)
  An ugly thing (D:7)
  3 elephants (Lair:4)
  3 black mambas
  4 cane toads
  6 torpor snails
  A gargoyle (D:9)
  An orange demon (Gauntlet)
  2 rime drakes
  A kobold demonologist (D:8)
  3 komodo dragons
  3 tyrant leeches (Lair:6)
  3 polar bears
  8 hornets (Lair:6)
  19 blink frogs
  5 dream sheep (Lair:5)
  6 flying skulls (Gauntlet)
  32 yaks
  3 wyverns
  Grum (D:8)
  4 basilisks
  Menkaure (D:5)
  15 water moccasins
  2 acid dragons (Gauntlet)
  Duvessa (D:6)
  2 black bears
  3 ice beasts
  A sky beast (D:5)
  A hornet zombie (D:8)
  3 orc warriors
  4 ogres
  A phantom (D:6)
  3 wolves
  A lemure (D:6)
  4 kobold brigands
  9 bullfrogs
  Dowan (D:6)
  A water moccasin skeleton (D:8)
  2 scorpions
  A wight (D:9)
  21 killer bees
  2 bullfrog zombies
  3 quasits
  A jelly (D:6)
  4 bullfrog skeletons
  6 hounds
  2 centaur skeletons (D:9)
  2 iguanas
  4 orc wizards
  4 worker ants
  A hound skeleton (D:6)
  3 worker ant zombies
  A gnoll (D:6)
  8 adders
  A river rat (D:4)
  2 shadow imps
  3 white imps
  2 ufetubi
  An adder zombie (D:5)
  4 adder skeletons
  4 worms
  A dart slug (D:4)
  5 leopard geckos
  18 orcs
  5 ball pythons
  7 giant cockroaches
  7 goblins
  6 hobgoblins
  6 jackals
  6 quokkas
  4 bats
  4 frilled lizards
  27 kobolds
  A quokka skeleton (D:6)
  14 rats
371 creatures vanquished.

Vanquished Creatures (collateral kills)
  Gastronok (D:8)
  Erolcha (D:9)
  2 hydras (Lair:2)
  A boulder beetle (Lair:3)
  3 orc knights (Bailey)
  A black mamba (Lair:4)
  A komodo dragon (Lair:3)
  A rime drake (Lair:2)
  A queen bee (D:9)
  6 blink frogs
  23 yaks
  2 wyverns
  2 basilisks
  2 water moccasins
  3 orc warriors
  An ice beast (D:8)
  A hornet zombie (D:9)
  A black bear (D:7)
  2 ogres
  5 wolves
  7 bullfrogs
  A scorpion (D:9)
  4 killer bees (D:9)
  3 wights (D:9)
  2 orc priests (D:9)
  2 bullfrog skeletons (D:6)
  An iguana (D:6)
  3 orc wizards
  A worker ant zombie (D:8)
  An adder (D:7)
  2 gnolls (D:6)
  A shadow imp (D:6)
  An ufetubus (D:7)
  A leopard gecko (D:6)
  17 orcs
  A kobold (D:9)
  A quokka (D:8)
  3 goblins (D:8)
  A butterfly (Lair:1)
113 creatures vanquished.

Vanquished Creatures (others)
  An orc knight (Lair:2)
  An orc warrior (Bailey)
  An orc priest (D:9)
  An orc wizard (D:9)
  16 orcs
  32 fungi
  93 plants
  4 withered plants (D:3)
149 creatures vanquished.

Grand Total: 633 creatures vanquished

Notes
Turn   | Place    | Note
-------+----------+-------------------------------------------
     0 | D:1      | siradein the Hill Orc Fighter began the quest for the Orb.
     0 | D:1      | Reached XP level 1. HP: 19/19 MP: 1/1
    28 | D:1      | Reached skill level 3 in Axes
   175 | D:1      | Reached XP level 2. HP: 16/26 MP: 2/2
   386 | D:1      | Reached skill level 4 in Axes
   945 | D:1      | Reached XP level 3. HP: 29/31 MP: 3/3
  1319 | D:2      | Found a sacrificial altar of Ru.
  1420 | D:2      | Reached skill level 5 in Axes
  1687 | D:3      | Became a worshipper of Beogh the Brigand
  1775 | D:3      | Found a bloodstained altar of Trog.
  1807 | D:3      | Reached XP level 4. HP: 37/39 MP: 1/4
  1983 | D:3      | Found a hazy altar of Hepliaklqana.
  2047 | D:3      | Found an iron altar of Okawaru.
  2102 | D:3      | Found a basalt altar of Yredelemnul.
  2159 | D:3      | Found an ancient bone altar of Kikubaaqudgha.
  2161 | D:3      | Found a hide-covered altar of Uskayaw.
  2353 | D:4      | Reached skill level 6 in Axes
  2354 | D:4      | Reached * piety under Beogh
  2386 | D:4      | Reached skill level 7 in Axes
  2386 | D:4      | Reached XP level 5. HP: 45/45 MP: 1/5
  2590 | D:4      | Got an encrusted plate armour
  2591 | D:4      | Identified the +6 plate armour of Teus Tih {rPois Slay+2}
                  | (You found it on level 4 of the Dungeon)
  2607 | D:4      | Found a glowing drain.
  2733 | Sewer    | Entered a sewer
  2797 | Sewer    | Noticed a kobold brigand
  2801 | Sewer    | Reached skill level 8 in Axes
  2803 | Sewer    | Reached XP level 6. HP: 51/51 MP: 2/6
  2844 | Sewer    | Found a white marble altar of Elyvilon.
  2978 | D:4      | Reached ** piety under Beogh
  3074 | D:4      | Reached skill level 9 in Axes
  3347 | D:4      | Found a shimmering altar of Xom.
  3448 | D:4      | Found a shimmering blue altar of Sif Muna.
  3525 | D:4      | Reached XP level 7. HP: 56/57 MP: 2/7
  3592 | D:4      | Found a blossoming altar of Fedhas.
  3716 | D:5      | Entered Level 5 of the Dungeon
  3984 | D:5      | Reached skill level 10 in Axes
  4015 | D:5      | Found Oxuocs's Antique Armour Boutique.
  4020 | D:5      | Noticed Menkaure
  4034 | D:5      | Killed Menkaure
  4039 | D:5      | Bought a pair of glowing gloves for 202 gold pieces
  4336 | D:5      | Found a stormy altar of Qazlal.
  4373 | D:5      | Reached skill level 5 in Shields
  4373 | D:5      | Reached XP level 8. HP: 64/64 MP: 8/8
  4419 | D:5      | Reached *** piety under Beogh
  4553 | D:5      | Reached skill level 11 in Axes
  4807 | D:6      | Noticed Pikel
  4819 | D:6      | Killed Pikel
  4982 | D:6      | Found Xoak's Antique Weapon Boutique.
  5001 | D:6      | Found a staircase to the Ecumenical Temple.
  5207 | D:6      | Reached skill level 12 in Axes
  5255 | D:6      | Reached XP level 9. HP: 70/70 MP: 9/9
  5290 | D:6      | Noticed Dowan
  5304 | D:6      | Killed Dowan
  5391 | D:6      | Noticed Duvessa
  5403 | D:6      | Killed Duvessa
  6046 | D:7      | Found a snail-covered altar of Cheibriados.
  6360 | D:7      | Noticed a brown ugly thing
  6369 | D:7      | Killed a brown ugly thing
  6370 | D:7      | Reached skill level 5 in Armour
  6396 | D:7      | Reached skill level 13 in Axes
  6799 | D:8      | Found a broken altar of Ashenzari.
  6838 | D:8      | Found a flagged portal.
  6848 | D:8      | Noticed Grum
  6849 | D:8      | Reached **** piety under Beogh
  6865 | D:8      | Killed Grum
  6880 | D:8      | Reached XP level 10. HP: 73/77 MP: 10/10
  6883 | D:8      | Found a broken altar of Ashenzari.
  6888 | Bailey   | Entered a bailey
  6980 | Bailey   | Noticed an orc knight
  6980 | Bailey   | Noticed an orc knight
  6980 | Bailey   | Noticed an orc knight
  6992 | Bailey   | Killed an orc knight
  6998 | Bailey   | Killed an orc knight
  7005 | Bailey   | Killed an orc knight
  7079 | Bailey   | Noticed an orc knight
  7095 | Bailey   | Killed an orc knight
  7315 | D:8      | Reached skill level 14 in Axes
  7317 | D:8      | Noticed a kobold demonologist
  7326 | D:8      | Killed a kobold demonologist
  7332 | D:8      | Reached skill level 10 in Shields
  7364 | D:8      | Got a topaz-encrusted chain mail
  7369 | D:8      | Got a dazzling short sword
  7379 | D:8      | Noticed Gastronok
  7390 | D:8      | Killed Gastronok
  7403 | D:8      | Reached XP level 11. HP: 73/82 MP: 11/11
  7518 | D:8      | Noticed Erica
  7529 | D:8      | Killed Erica
  7543 | D:8      | Identified the +3 chain mail "Kamupt" {+Fly rPois Dex+7
                  | Stlth-} (You found it on level 8 of the Dungeon)
  7580 | D:8      | Reached ***** piety under Beogh
  7585 | D:8      | Found Tevoquk's Armour Boutique.
  7593 | D:8      | Found a white marble altar of Elyvilon.
  7691 | D:8      | Got a faintly glowing golden ring
  7764 | D:8      | Identified the +4 short sword of Kismet {vorpal, +Fly Str-4
                  | Int+6} (You found it on level 8 of the Dungeon)
  7798 | D:8      | Noticed a two-headed ogre
  7812 | D:8      | Killed a two-headed ogre
  7813 | D:8      | Reached skill level 1 in Invocations
  7987 | D:8      | Identified the ring "Waygucs" {rF+ Str+4} (You found it on
                  | level 8 of the Dungeon)
  8100 | D:9      | Reached skill level 1 in Dodging
  8115 | D:9      | Found a staircase to the Lair.
  8130 | D:9      | Reached skill level 15 in Axes
  8149 | D:9      | Gained Hilgar as an ally
  8169 | D:9      | Your ally Hilgar died
  8471 | D:9      | Found a sacrificial altar of Ru.
  8619 | D:9      | Killed Erolcha
  8840 | D:9      | Found a glowing golden altar of the Shining One.
  8909 | D:9      | Gained Zorug as an ally
  8918 | D:9      | Reached skill level 10 in Armour
  8953 | D:9      | Reached XP level 12. HP: 34/90 MP: 15/15
  8954 | D:9      | Reached skill level 5 in Invocations
  9219 | Lair:1   | Entered Level 1 of the Lair of Beasts
  9253 | Lair:1   | Gained Berold as an ally
  9312 | Lair:1   | Found a gate leading to a gauntlet.
  9321 | Gauntlet | Entered a Gauntlet
  9321 | Gauntlet | Found a runed translucent gate.
  9321 | Gauntlet | Found a transporter.
  9321 | Gauntlet | Found a transporter.
  9321 | Gauntlet | Found a transporter.
  9321 | Gauntlet | Noticed a death scarab
  9349 | Gauntlet | Found a runed translucent gate.
  9350 | Gauntlet | Found a runed translucent gate.
  9354 | Gauntlet | Found a transporter.
  9356 | Gauntlet | Found a transporter.
  9471 | Gauntlet | Got a pair of pitted boots
  9477 | Gauntlet | Identified the +4 pair of boots of Summer {rC+++ Regen+
                  | Str+4 Dex-2} (You found it in a Gauntlet)
  9539 | Gauntlet | Found a transporter.
  9539 | Gauntlet | Found a transporter.
  9543 | Gauntlet | Noticed a green death
  9550 | Gauntlet | Found a transporter.
  9586 | Gauntlet | Killed a green death
  9609 | Gauntlet | Noticed a minotaur
  9611 | Gauntlet | Found a transporter.
  9629 | Gauntlet | Killed a minotaur
  9630 | Gauntlet | Reached skill level 16 in Axes
 10457 | Lair:2   | You fall into a shaft and drop 1 floor!
 10531 | Lair:2   | Found a staircase to the Swamp.
 10601 | Lair:2   | Noticed a six-headed hydra
 10613 | Lair:2   | Killed a ten-headed hydra
 10614 | Lair:2   | Reached XP level 13. HP: 95/95 MP: 18/18
 10719 | Lair:2   | Reached skill level 5 in Dodging
 10795 | Lair:2   | Got a smoking quarterstaff
 10796 | Lair:2   | Identified the +2 quarterstaff "Nutewn" {freeze, Will+}
                  | (You found it on level 2 of the Lair of Beasts)
 10886 | Lair:2   | Identified a scroll of acquirement
 10924 | Lair:2   | Your ally Berold died
 11207 | Lair:3   | Reached ****** piety under Beogh
 12472 | Lair:4   | Got a spiked chain mail
 12489 | Lair:4   | Identified the +0 chain mail of Ecwuer {Str+4 Int+2} (You
                  | found it on level 4 of the Lair of Beasts)
 12707 | Lair:4   | Found a hole to the Spider Nest.
 13167 | Lair:5   | Reached skill level 5 in Fighting
 13173 | Lair:5   | You fall into a shaft and drop 1 floor!
 13173 | Lair:6   | Entered Level 6 of the Lair of Beasts
 13188 | Lair:6   | Reached skill level 1 in Spellcasting
 13196 | Lair:6   | Reached skill level 17 in Axes
 13211 | Lair:6   | Found a runed translucent door.
 13211 | Lair:6   | Noticed an ice dragon
 13276 | Lair:6   | Paralysed by a hornet for 1 turns
 13285 | Lair:6   | Reached XP level 14. HP: 46/107 MP: 21/21
 13623 | Lair:6   | Acquired a manual of Dodging
 13733 | Lair:6   | Reached skill level 10 in Invocations
 13993 | Lair:5   | Found a staircase to the Slime Pits.
 14359 | Lair:5   | Slain by a catoblepas

Illustrated notes

Levels and vault maps discovered:
D:1:      lemuel_arrival_room, layout_basic
D:2:      layout_loops_ring, lemuel_tele_altar
D:3:      lemuel_upstairs_altar, layout_basic, old_standard_altar,
          marbit_many_paths, yredelemnul_altar_generic,
          gammafunk_temple_overflow_statue, minmay_misc_feat_square,
          okawaru_gym_becter
D:4:      layout_basic, lemuel_blue_sif_altar, fedhas_altar_fruit_tree,
          lemuel_round_altar, portal_sewer_entry_b, lexackson_kobold_supper
D:5:      layout_basic, lemuel_round_altar, serial_shops,
          nicolae_shop_overgrown_old_shop, uniq_menkaure
D:6:      layout_rooms, minmay_temple_entry_drinking_statues, serial_shops,
          shop, kennysheep_opposing_triangles, uniq_pikel, uniq_duvessa
D:7:      minmay_blocky_corners, layout_basic, lemuel_crystal_altar,
          kennysheep_generic_room_2
D:8:      minmay_the_grid_plus [minmay_the_grid_large_cup, minmay_the_grid_x,
          minmay_the_grid_slots, minmay_the_grid_outer_circle,
          minmay_the_grid_prize_trominoes], layout_loops_ring,
          overflow_temple_1_default, serial_shops, nicolae_shop_statue_plus,
          basic_altar, enter_bailey_5, elyvilon_altar_4, uniq_erica, uniq_grum,
          uniq_gastronok
D:9:      layout_rooms, nicolae_tso_carved_into_rock, lemuel_round_altar,
          minmay_lair_entry_grove, special_room [special_room_bee], uniq_erolcha
Lair:1:   layout_cave_shapes, gauntlet_entry_generic, lemuel_fruit_fields,
          lemuel_fruit_fields, lemuel_fruit_tree
Lair:2:   layout_roguey, skrybe_swamp_entry_bodies
Lair:3:   layout_roguey, ldierk_geyser, nzn_sisyphean_effort, grunt_megastairs_3
Lair:4:   layout_loops_ring, dummy_spider_entry
Lair:5:   nzn_motion_control, layout_regular_city, dpeg_slime_entry_corner
Lair:6:   guppyfry_lair_end_dragon, layout_loops_ring, wormcave,
          grunt_megastairs_2

Skill      XL: |  1  2  3  4  5  6  7  8  9 10 11 12 13 14 |
---------------+-------------------------------------------+-----
Axes           | 3 4 5 7 8 9 10 12 13 14 15 16 17 | 17.3
Shields        | 5 7 9 10 11 12 13 | 13.3
Armour         | 6 8 10 12 13 14 | 14.0
Invocations    | 4 7 9 10 | 10.3
Dodging        | 3 4 6 |  6.7
Fighting       | 5 6 |  6.1
Spellcasting   | 1 2 |  2.2

Action                   |  1- 3 |  4- 6 |  7- 9 | 10-12 | 13-15 || total
-------------------------+-------+-------+-------+-------+-------++-------
Melee: War axe           |    80 |       |       |       |       ||    80
       Hand axe          |    33 |   175 |   271 |   588 |   536 ||  1603
       Scimitar          |       |       |       |       |    21 ||    21
Invok: Convert to Beogh  |     1 |       |       |       |       ||     1
       Recall Orcish Fol |       |       |     1 |       |     1 ||     2
       Smiting           |       |       |       |     1 |       ||     1
       Give Item to Name |       |       |       |     1 |     1 ||     2
  Use: Scroll            |     6 |     3 |     6 |     7 |     8 ||    30
       Potion            |       |       |       |     6 |     2 ||     8
 Stab: Distracted        |       |       |     3 |     2 |       ||     5
Armor: Scale mail        |    33 |       |       |       |       ||    33
       Plate armour      |     9 |   128 |   188 |    36 |       ||   361
       Chain mail        |       |       |       |   174 |   279 ||   453
Dodge: Dodged            |    29 |    16 |    64 |   166 |   170 ||   445
Block: Kite shield       |    57 |    75 |   173 |   332 |   337 ||   974
       Rpst.: Scimitar   |       |       |       |       |     4 ||     4

Table legend: (Time is in decaauts)
 A = Elapsed time spent in this place.
 B = Non-inter-level travel time spent in this place.
 C = Inter-level travel time spent in this place.
 D = Time resting spent in this place.
 E = Time spent auto-exploring this place.
 F = Levels seen in this place.
 G = Mean time per level.
                   A        B        C        D        E       F      G
               +--------+--------+--------+--------+--------+-----+--------+
         Total |  14085 |  13729 |    356 |    413 |   9588 |  18 |  782.5 |
       Dungeon |   8679 |   8399 |    280 |    180 |   6252 |   9 |  964.3 |
          Lair |   4505 |   4429 |     76 |    215 |   2814 |   6 |  750.8 |
         Sewer |    189 |    189 |      0 |      0 |    120 |   1 |  189.0 |
        Bailey |    297 |    297 |      0 |      0 |    205 |   1 |  297.0 |
      Gauntlet |    413 |    413 |      0 |     18 |    197 |   1 |  413.0 |
               +--------+--------+--------+--------+--------+-----+--------+

Top non-repeatable levels by time:
     D:4: 1234 daAuts
     D:6: 1122 daAuts
     D:5: 1089 daAuts
     D:1: 1043 daAuts
     D:9: 1031 daAuts
  Lair:2: 974 daAuts
     D:8: 954 daAuts
  Lair:4: 846 daAuts
     D:7: 845 daAuts
  Lair:3: 771 daAuts
  Lair:6: 752 daAuts
     D:3: 721 daAuts
     D:2: 635 daAuts
  Lair:5: 592 daAuts
  Lair:1: 568 daAuts
